MAA
SALEM MISFITS @ BELVEDERE PARK RAWHIDES
08/13/2019
 
TOP OF THE 1ST
Salem Misfits batting - Pitching for Belvedere Park Rawhides : LHP Homer Shafer
Pitching: LHP Homer Shafer
Batting: LHB Iván Flores 0-0: Called Strike
0-1: Ball
1-1: Ball
2-1: Fly out, F5 (Popup, 5S)
Batting: RHB Steve Duncan 0-0: Ball
1-0: Ball
2-0: Foul Ball, location: 2F
2-1: SINGLE (Line Drive, 34D)
Batting: RHB António Martínez 0-0: Ball
1-0: Ball
2-0: Foul Ball, location: 2F
2-1: Called Strike
2-2: Ball
3-2: Strikes out swinging
Batting: RHB Alfredo Martínez 0-0: Called Strike
0-1: Ball
1-1: Fly out, F8 (Flyball, 8RM)
Top of the 1st over - 0 run(s), 1 hit(s), 0 error(s), 1 left on base; Salem 0 - Belvedere Park 0
BOTTOM OF THE 1ST
Belvedere Park Rawhides batting - Pitching for Salem Misfits : RHP Josh Parker
Pitching: RHP Josh Parker
Batting: RHB Ralph McKnight 0-0: Foul Ball, location: 2F
0-1: Ground out 5-3 (Groundball, 5S)
Batting: RHB Pedro Jiménez 0-0: Ball
1-0: Swinging Strike
1-1: Ball
2-1: Ball
3-1: Called Strike
3-2: Strikes out swinging
Batting: RHB Victor Haley 0-0: Swinging Strike
0-1: Called Strike
0-2: Ball
1-2: Ball
2-2: Strikes out looking
Bottom of the 1st over - 0 run(s), 0 hit(s), 0 error(s), 0 left on base; Salem 0 - Belvedere Park 0
TOP OF THE 2ND
Salem Misfits batting - Pitching for Belvedere Park Rawhides : LHP Homer Shafer
Batting: RHB Will Robinson 0-0: Foul Ball, location: 2F
0-1: Called Strike
0-2: Strikes out looking
Batting: SHB Emílio Gonzáles 0-0: Ball
1-0: Ball
2-0: Ball
3-0: Base on Balls
Batting: RHB John Townsend 0-0: Called Strike
0-1: Foul Ball, location: 2F
0-2: Reached on Error, E7 (Line Drive, 7S)
Emílio Gonzáles to third
Batting: SHB Alonso Márquez 0-0: Ball
1-0: Called Strike
1-1: Foul Ball, location: 2F
1-2: Strikes out looking
Batting: RHB Arlen King 0-0: Called Strike
0-1: Ball
1-1: Foul Ball, location: 2F
1-2: Strikes out swinging
Top of the 2nd over - 0 run(s), 0 hit(s), 1 error(s), 2 left on base; Salem 0 - Belvedere Park 0
BOTTOM OF THE 2ND
Belvedere Park Rawhides batting - Pitching for Salem Misfits : RHP Josh Parker
Batting: LHB Clark Espinosa 0-0: Ball
1-0: Called Strike
1-1: Called Strike
1-2: Ball
2-2: Ball
3-2: Fly out, F9 (Popup, 9S)
Batting: RHB Danny Penn 0-0: Ball
1-0: Ball
2-0: Ground out 1-3 (Groundball, 13)
Batting: RHB Michael Taylor 0-0: Called Strike
0-1: Swinging Strike
0-2: Strikes out looking
Bottom of the 2nd over - 0 run(s), 0 hit(s), 0 error(s), 0 left on base; Salem 0 - Belvedere Park 0
TOP OF THE 3RD
Salem Misfits batting - Pitching for Belvedere Park Rawhides : LHP Homer Shafer
Batting: LHB Iván Flores 0-0: Ground out 1-3 (Groundball, 15S)
Batting: RHB Steve Duncan 0-0: Ball
1-0: Swinging Strike
1-1: Ball
2-1: Foul Ball, location: 2F
2-2: Strikes out looking
Batting: RHB António Martínez 0-0: Ball
1-0: Called Strike
1-1: Foul Ball, location: 2F
1-2: Fly out, F8 (Flyball, 8RD)
Top of the 3rd over - 0 run(s), 0 hit(s), 0 error(s), 0 left on base; Salem 0 - Belvedere Park 0
BOTTOM OF THE 3RD
Belvedere Park Rawhides batting - Pitching for Salem Misfits : RHP Josh Parker
Batting: SHB Jason Alexander 0-0: Swinging Strike
0-1: Fly out, F9 (Flyball, 89M)
Batting: SHB Phil Moore 0-0: Called Strike
0-1: Ball
1-1: Foul Ball, location: 2F
1-2: Ball
2-2: Strikes out looking
Batting: RHB Marlon Cummins 0-0: Called Strike
0-1: Foul Ball, location: 2F
0-2: Ball
1-2: Ball
2-2: Foul Ball, location: 2F
2-2: Ball
3-2: SOLO HOME RUN (Line Drive, 7LD), Distance : 379 ft
Batting: RHB Ralph McKnight 0-0: Ball
1-0: Swinging Strike
1-1: Ball
2-1: Foul Ball, location: 2F
2-2: Foul Ball, location: 2F
2-2: Fly out, F7 (Flyball, 7M)
Bottom of the 3rd over - 1 run(s), 1 hit(s), 0 error(s), 0 left on base; Salem 0 - Belvedere Park 1
TOP OF THE 4TH
Salem Misfits batting - Pitching for Belvedere Park Rawhides : LHP Homer Shafer
Batting: RHB Alfredo Martínez 0-0: Ground out 6-3 (Groundball, 6M)
Batting: RHB Will Robinson 0-0: Ball
1-0: Swinging Strike
1-1: Called Strike
1-2: Strikes out swinging
Batting: SHB Emílio Gonzáles 0-0: Ball
1-0: Ball
2-0: Ball
3-0: Called Strike
3-1: Called Strike
3-2: Base on Balls
Batting: RHB John Townsend 0-0: Ball
Emílio Gonzáles steals 2nd base
1-0: Called Strike
1-1: Swinging Strike
1-2: Foul Ball, location: 2F
1-2: Strikes out swinging
Top of the 4th over - 0 run(s), 0 hit(s), 0 error(s), 1 left on base; Salem 0 - Belvedere Park 1
BOTTOM OF THE 4TH
Belvedere Park Rawhides batting - Pitching for Salem Misfits : RHP Josh Parker
Batting: RHB Pedro Jiménez 0-0: Ball
1-0: Foul Ball, location: 2F
1-1: Ground out 6-3 (Groundball, 6M)
Batting: RHB Victor Haley 0-0: Ball
1-0: Called Strike
1-1: Ball
2-1: Foul Ball, location: 2F
2-2: Ball
3-2: DOUBLE (Line Drive, 8RM)
Batting: LHB Clark Espinosa 0-0: Called Strike
0-1: Called Strike
0-2: Foul Ball, location: 2F
0-2: Ball
1-2: Fly out, F9 (Flyball, 89M)
Batting: RHB Danny Penn 0-0: Ground out 6-3 (Groundball, 6)
Bottom of the 4th over - 0 run(s), 1 hit(s), 0 error(s), 1 left on base; Salem 0 - Belvedere Park 1
TOP OF THE 5TH
Salem Misfits batting - Pitching for Belvedere Park Rawhides : LHP Homer Shafer
Batting: SHB Alonso Márquez 0-0: Foul Ball, location: 2F
0-1: Ball
1-1: Swinging Strike
1-2: Strikes out looking
Batting: RHB Arlen King 0-0: Swinging Strike
0-1: Called Strike
0-2: Strikes out swinging
Batting: LHB Iván Flores 0-0: Ball
1-0: Ball
2-0: Foul Ball, location: 2F
2-1: Swinging Strike
2-2: Fly out, F8 (Flyball, 89M)
Top of the 5th over - 0 run(s), 0 hit(s), 0 error(s), 0 left on base; Salem 0 - Belvedere Park 1
BOTTOM OF THE 5TH
Belvedere Park Rawhides batting - Pitching for Salem Misfits : RHP Josh Parker
Batting: RHB Michael Taylor 0-0: Called Strike
0-1: Ball
1-1: Ball
2-1: Fly out, F9 (Flyball, 89M)
Batting: SHB Jason Alexander 0-0: Ball
1-0: Called Strike
1-1: Ball
2-1: Foul Ball, location: 2F
2-2: Strikes out swinging
Batting: SHB Phil Moore 0-0: Ball
1-0: Called Strike
1-1: Ball
2-1: Called Strike
2-2: SOLO HOME RUN (Flyball, 8LXD), Distance : 438 ft
Batting: RHB Marlon Cummins 0-0: Ball
1-0: Ball
2-0: Foul Ball, location: 2F
2-1: Ball
3-1: Fly out, F8 (Flyball, 8LM)
Bottom of the 5th over - 1 run(s), 1 hit(s), 0 error(s), 0 left on base; Salem 0 - Belvedere Park 2
TOP OF THE 6TH
Salem Misfits batting - Pitching for Belvedere Park Rawhides : LHP Homer Shafer
Batting: RHB Steve Duncan 0-0: Ball
1-0: Foul Ball, location: 2F
1-1: Ball
2-1: Ball
3-1: Base on Balls
Batting: RHB António Martínez 0-0: Called Strike
0-1: Called Strike
0-2: Foul Ball, location: 2F
0-2: Ball
1-2: Ball
2-2: Strikes out swinging
Batting: RHB Alfredo Martínez 0-0: Foul Ball, location: 2F
0-1: Ground out 5-3 (Groundball, 56S)
Steve Duncan to second
Batting: RHB Will Robinson 0-0: Called Strike
0-1: Ball
1-1: Called Strike
1-2: Foul Ball, location: 2F
1-2: Strikes out swinging
Top of the 6th over - 0 run(s), 0 hit(s), 0 error(s), 1 left on base; Salem 0 - Belvedere Park 2
BOTTOM OF THE 6TH
Belvedere Park Rawhides batting - Pitching for Salem Misfits : RHP Josh Parker
Batting: RHB Ralph McKnight 0-0: Called Strike
0-1: Swinging Strike
0-2: Foul Ball, location: 2F
0-2: Strikes out swinging
Batting: RHB Pedro Jiménez 0-0: Called Strike
0-1: Foul Ball, location: 2F
0-2: Strikes out swinging
Batting: RHB Victor Haley 0-0: Ball
1-0: Called Strike
1-1: Called Strike
1-2: Ball
2-2: Fly out, F4 (Line Drive, 4)
Bottom of the 6th over - 0 run(s), 0 hit(s), 0 error(s), 0 left on base; Salem 0 - Belvedere Park 2
TOP OF THE 7TH
Salem Misfits batting - Pitching for Belvedere Park Rawhides : LHP Homer Shafer
Batting: SHB Emílio Gonzáles 0-0: Ground out 5-3 (Groundball, 5)
Batting: RHB John Townsend 0-0: Ball
1-0: DOUBLE (Flyball, 7LM)
Batting: SHB Alonso Márquez 0-0: Called Strike
0-1: Ball
1-1: Fly out, F8 (Line Drive, 8RM)
Batting: RHB Arlen King 0-0: Ball
Passed Ball!
John Townsend to third
1-0: Foul Ball, location: 2F
1-1: Ball
2-1: Ball
3-1: Base on Balls
Pinch Hitting: RHB Domingo Navarro 0-0: Ball
1-0: Fly out, F8 (Popup, 4D)
Top of the 7th over - 0 run(s), 1 hit(s), 0 error(s), 2 left on base; Salem 0 - Belvedere Park 2
BOTTOM OF THE 7TH
Belvedere Park Rawhides batting - Pitching for Salem Misfits : RHP Josh Parker
Now in RF: Domingo Navarro
Batting: LHB Clark Espinosa 0-0: Ball
1-0: Ball
2-0: Called Strike
2-1: Ball
3-1: Foul Ball, location: 2F
3-2: Strikes out looking
Batting: RHB Danny Penn 0-0: Ball
1-0: Ball
2-0: Called Strike
2-1: DOUBLE (Line Drive, 5D)
Batting: RHB Michael Taylor 0-0: Foul Ball, location: 2F
0-1: Foul Ball, location: 2F
0-2: Foul Ball, location: 2F
0-2: SINGLE (Line Drive, 8RS)
Danny Penn to third
Runner from 3rd tries for Home, SAFE, no throw or cutoff
Pitching: RHP Gabe Stephenson
Batting: SHB Jason Alexander 0-0: Called Strike
0-1: Swinging Strike
0-2: Ball
1-2: Ball
2-2: Foul Ball, location: 2F
2-2: Ball
3-2: Foul Ball, location: 2F
3-2: Strikes out looking
Batting: SHB Phil Moore 0-0: Ground out 6-3 (Groundball, 6)
Bottom of the 7th over - 1 run(s), 2 hit(s), 0 error(s), 1 left on base; Salem 0 - Belvedere Park 3
TOP OF THE 8TH
Salem Misfits batting - Pitching for Belvedere Park Rawhides : LHP Homer Shafer
Batting: RHB Steve Duncan 0-0: Foul Ball, location: 2F
0-1: Ball
1-1: Ball
2-1: Fly out, F6 (Line Drive, 6M)
Pitching: LHP Christian Walsh
Batting: RHB António Martínez 0-0: Foul Ball, location: 2F
0-1: Ball
1-1: Ball
2-1: Foul Ball, location: 2F
2-2: Foul Ball, location: 2F
2-2: Foul Ball, location: 2F
2-2: Fly out, F7 (Flyball, 7LMF)
Batting: RHB Alfredo Martínez 0-0: Ball
1-0: Swinging Strike
1-1: Swinging Strike
1-2: Ground out 5-3 (Groundball, 5L)
Top of the 8th over - 0 run(s), 0 hit(s), 0 error(s), 0 left on base; Salem 0 - Belvedere Park 3
BOTTOM OF THE 8TH
Belvedere Park Rawhides batting - Pitching for Salem Misfits : RHP Gabe Stephenson
Batting: RHB Marlon Cummins 0-0: Ground out 5-3 (Groundball, 5S)
Batting: RHB Ralph McKnight 0-0: Called Strike
0-1: Swinging Strike
0-2: Ball
1-2: Strikes out looking
Batting: RHB Pedro Jiménez 0-0: Ball
1-0: Ball
2-0: Called Strike
2-1: Ground out 5-3 (Groundball, 5S)
Bottom of the 8th over - 0 run(s), 0 hit(s), 0 error(s), 0 left on base; Salem 0 - Belvedere Park 3
TOP OF THE 9TH
Salem Misfits batting - Pitching for Belvedere Park Rawhides : LHP Christian Walsh
Pitching: RHP Ben Fleming
Batting: RHB Will Robinson 0-0: Foul Ball, location: 2F
0-1: Hit by Pitch
Batting: SHB Emílio Gonzáles 0-0: Ball
1-0: Called Strike
1-1: Called Strike
1-2: Strikes out swinging
Batting: RHB John Townsend 0-0: Grounds into double play, 6-4-3 (Groundball, 6)
Top of the 9th over - 0 run(s), 0 hit(s), 0 error(s), 0 left on base; Salem 0 - Belvedere Park 3
This league is powered by Out of the Park Baseball, the baseball management simulation game for PC, Mac and Linux
Saturday, July 25th, 2015 - OOTP Baseball 15.6 Build 34